 Dungeon Crawl Stone Soup version 0.28.0-49-g6dfe1f597d (webtiles) character file.

Game seed: 3122043179324647884

24 Exodus22XD the Covered (level 2, 27/27 HPs)
             Began as a Minotaur Fighter on May 14, 2022.
             Was a Follower of Makhleb.
             Quit the game on level 2 of the Dungeon.
             The game lasted 00:00:40 (767 turns).

Exodus22XD the Covered (Minotaur Fighter)            Turns: 767, Time: 00:00:41

Health: 27/27      AC:  7    Str: 20    XL:     2   Next: 79%
Magic:  1/1        EV:  9    Int:  5    God:    Makhleb [*.....]
Gold:   34         SH:  4    Dex:  9    Spells: 1/1 levels left

rFire   . . .      SeeInvis .   a - +0 war axe
rCold   . . .      Faith    .   c - +0 buckler
rNeg    . . .      Spirit   .   b - +0 scale mail
rPois   .          Reflect  .   (helmet restricted)
rElec   .          Harm     .   (no cloak)
rCorr   .          Rampage  .   (no gloves)
Will    .....                   (no boots)
Stlth   ..........              (no amulet)
HPRegen 0.09/turn               (no ring)
MPRegen 0.07/turn               (no ring)

@: no status effects
A: horns 2, retaliatory headbutt
a: Renounce Religion


You were on level 2 of the Dungeon.
You worshipped Makhleb.
Makhleb was aware of your devotion.
You visited 1 branch of the dungeon, and saw 2 of its levels.

You collected 34 gold pieces.

Inventory:

Hand Weapons
 a - a +0 war axe (weapon)
Armour
 b - a +0 scale mail (worn)
 c - a +0 buckler (worn)
Jewellery
 e - a ring of resist corrosion
 f - an amulet of reflection
Wands
 j - a wand of flame (14)
Scrolls
 h - 2 scrolls of enchant armour {unknown}
 k - a scroll of blinking {unknown}
Potions
 d - a potion of might
 g - a potion of attraction {unknown}
 i - a potion of lignification {unknown}


   Skills:
 + Level 4.0 Fighting
 + Level 2.9 Axes
 + Level 4.1 Armour
 + Level 3.9 Shields


You had one spell level left.
You didn't know any spells.
Your spell library was empty.

Dungeon Overview and Level Annotations

Branches:
Dungeon (2/15)

Altars:
Makhleb


Innate Abilities, Weirdness & Mutations

You have a pair of horns on your head.
You reflexively headbutt those who attack you in melee.


Message History

Key pressed, stopping explore.
No target in view!
HP restored.
A dart slug comes into view.
A dart slug is nearby!
A dart slug is nearby!
A dart slug is nearby!
You slash the dart slug!
The dart slug is severely wounded.
The dart slug bites you but does no damage.
A dart slug is nearby!
You slash the dart slug!
You kill the dart slug!
Your Fighting skill increases to level 4!
h - 2 scrolls labelled CAPTOH RAUTOE No target in view!
i - a fuming blue potion Key pressed, stopping explore.
No target in view!
j - a wand of flame (14) No target in view!
You see here a ball python corpse.
Found 22 arrows.
No target in view!
k - a scroll labelled FAOSTR YNYFUAPA No target in view!
Found a faded altar of an unknown god.
No target in view!
You see here 22 arrows.
Found an escape hatch in the ceiling.
No target in view!
A quokka comes into view.
You hit the quokka.
You kill the quokka!
There is a faded altar of an unknown god here.
You cannot tell which god this altar belongs to.
Convert to them anyway?
Makhleb accepts your prayer! Makhleb welcomes you!
You can now gain health from killing.
Are you sure you want to abandon this character and quit the game? (Confirm with "yes".)

### #..# #...# ....##
#.#...## #.##...###### #.#
#..^....# #.# #8@.....#
#.###.......# #.##...####..#
#.#...##......#
##########....##.......#
.#............##........###
........###(.##.............
.........###............. .#
.........# #.##........# #.#


There were no monsters in sight!

Vanquished Creatures
  A dart slug (D:2)
  2 ball pythons
  2 endoplasms (D:1)
  2 giant cockroaches (D:1)
  2 goblins (D:1)
  2 hobgoblins (D:1)
  A quokka (D:2)
  4 bats
  2 frilled lizards (D:2)
  2 rats (D:1)
20 creatures vanquished.

Notes
Turn   | Place    | Note
-------+----------+-------------------------------------------
     0 | D:1      | Exodus22XD the Minotaur Fighter began the quest for the
                  | Orb.
     0 | D:1      | Reached XP level 1. HP: 19/19 MP: 0/0
   168 | D:1      | Reached XP level 2. HP: 25/27 MP: 1/1
   743 | D:2      | Found a faded altar of an unknown god.
   766 | D:2      | Prayed at the altar of an unknown god.
   766 | D:2      | Became a worshipper of Makhleb the Destroyer
   766 | D:2      | Reached * piety under Makhleb
   767 | D:2      | Quit the game

Illustrated notes

Levels and vault maps discovered:
D:1:      minmay_arrival_four_houses, layout_loops_ring
D:2:      layout_rooms, hellmonk_ecumenical_altar_crossroads, uniq_sigmund,
          uniq_natasha

Skill      XL: |  1  2 |
---------------+-------+-----
Armour         | 4 |  4.1
Fighting       | 4 |  4.0
Axes           | |  2.9
Shields        | |  3.9

Action                   || total
-------------------------++-------
Melee: War axe           ||    26
       Headbutt          ||     1
Armor: Scale mail        ||    21
Dodge: Dodged            ||    14
Block: Buckler           ||     3
